 Dungeon Crawl Stone Soup version 0.21.0-24-g2553a33 (webtiles) character file.

4977 tidbits the Magician (level 10, -15/79 HPs)
             Began as a Gnoll Skald on Jan 20, 2018.
             Was a Priest of Cheibriados.
             Killed from afar by an orc sorcerer (27 damage)
             ... with a bolt of fire
             ... on level 1 of the Orcish Mines.
             The game lasted 00:29:00 (2357 turns).

tidbits the Magician (Gnoll Skald)                  Turns: 2357, Time: 00:29:01

Health: -15/79     AC: 15    Str: 19    XL:     10   Next: 53%
Magic:  16/21      EV: 16    Int: 25    God:    Cheibriados [***...]
Gold:   491        SH:  0    Dex: 21    Spells: 2/23 levels left

rFire    . . .     SeeInvis .   e - +0 hand axe
rCold    + . .     Gourm    .   (no shield)
rNeg     . . .     Faith    .   H - +2 leather armour {rC+}
rPois    .         Spirit   .   (no helmet)
rElec    .         Reflect  .   C - +1 cloak
rCorr    .         Harm     .   G - +0 pair of gloves
MR       .....                  F - +2 pair of boots
Stlth    ++++......             h - amulet of magic regeneration
HPRegen  1.23/turn              U - +3 ring of protection
MPRegen  0.42/turn              u - ring of stealth

@: infused, very slightly contaminated, regenerating, drained, very slow
A: distributed training, fangs 1, strong nose
a: Bend Time, Temporal Distortion, Renounce Religion


You were on level 1 of the Orcish Mines.
You worshipped Cheibriados.
Cheibriados was most pleased with you.
You were completely stuffed.

You visited 3 branches of the dungeon, and saw 13 of its levels.

You collected 491 gold pieces.

Inventory:

Hand Weapons
 a - a +0 war axe
 e - a +0 hand axe (weapon)
 g - a +0 flail of protection
   (You took it off a gnoll on level 7 of the Dungeon)
 j - a +0 short sword
 l - a +0 dagger
 r - a +0 shortbow
 L - a +2 dagger of venom
   (You took it off an orc wizard on level 1 of the Orcish Mines)
Missiles
 q - 80 arrows
 J - 7 steel tomahawks
Armour
 b - a +0 leather armour
 m - a +0 pair of boots (quivered)
 C - a +1 cloak (worn)
 F - a +2 pair of boots (worn)
 G - a +0 pair of gloves (worn)
 H - a +2 leather armour of cold resistance (worn)
   (You took it off an orc on level 9 of the Dungeon)
Jewellery
 h - an amulet of magic regeneration (around neck)
   (You found it on level 3 of the Dungeon)
 u - a ring of stealth (right hand)
   (You found it on level 6 of the Dungeon)
 w - an uncursed ring of protection from magic
   (You found it on level 5 of the Dungeon)
 x - an uncursed ring of see invisible
   (You found it on level 5 of the Dungeon)
 A - an uncursed ring of protection from magic
   (You found it on level 10 of the Dungeon)
 B - an uncursed ring of positive energy
   (You found it on level 10 of the Dungeon)
 E - an uncursed amulet of the gourmand {unknown}
   (You found it on level 9 of the Dungeon)
 U - a +3 ring of protection (left hand)
   (You found it on level 8 of the Dungeon)
Wands
 p - a wand of flame (9)
Scrolls
 f - 2 scrolls of amnesia
 k - a scroll of enchant armour
 o - a scroll of immolation
 s - a scroll of vulnerability
 y - a scroll of brand weapon
Potions
 n - a potion of haste
 t - a potion of flight
Books
 c - a book of Battle

   Spells                             Type                      Level
   a - Infusion                       Charms                       1
   b - Shroud of Golubria             Charms/Translocation         2
   c - Song of Slaying                Charms                       2
   d - Spectral Weapon                Hexes/Charms                 3
   e - Regeneration                   Charms/Necromancy            3
 i - a book of Misfortune
   (You found it on level 4 of the Dungeon)

   Spells                             Type                      Level
   a - Confusing Touch                Hexes                        1
   b - Confuse                        Hexes                        3
   c - Gell's Gravitas                Translocation                3
   d - Petrify                        Transmutation/Earth          4
   e - Metabolic Englaciation         Hexes/Ice                    5
   f - Yara's Violent Unravelling     Hexes/Transmutation          5
 D - a book of Necromancy
   (You found it on level 10 of the Dungeon)

   Spells                             Type                      Level
   a - Pain                           Necromancy                   1
   b - Animate Skeleton               Necromancy                   1
   c - Vampiric Draining              Necromancy                   3
   d - Regeneration                   Charms/Necromancy            3
   e - Animate Dead                   Necromancy                   4
   f - Borgnjor's Vile Clutch         Necromancy/Earth             5
Miscellaneous
 K - a fan of gales (inert)
Comestibles
 d - 4 rations


   Skills:
 + Level 7.1(5.9) Fighting
 + Level 5.2(4.2) Short Blades
 + Level 5.2(4.2) Long Blades
 + Level 7.1(5.9) Axes
 + Level 5.2(4.2) Maces & Flails
 + Level 5.2(4.2) Polearms
 + Level 5.2(4.2) Staves
 + Level 5.2(4.2) Slings
 + Level 5.2(4.2) Bows
 + Level 5.2(4.2) Crossbows
 + Level 5.2(4.2) Throwing
 + Level 5.9(4.8) Armour
 + Level 7.1(5.9) Dodging
 + Level 5.2(4.2) Stealth
 + Level 5.2(4.2) Shields
 + Level 5.2(4.2) Unarmed Combat
 + Level 7.3(6.2) Spellcasting
 + Level 4.3(3.3) Conjurations
 + Level 4.3(3.3) Hexes
 + Level 7.1(5.9) Charms
 + Level 4.3(3.3) Summonings
 + Level 4.3(3.3) Necromancy
 + Level 4.3(3.3) Translocations
 + Level 4.3(3.3) Transmutations
 + Level 4.3(3.3) Fire Magic
 + Level 4.3(3.3) Ice Magic
 + Level 4.3(3.3) Air Magic
 + Level 4.3(3.3) Earth Magic
 + Level 4.3(3.3) Poison Magic
 + Level 5.8(4.7) Invocations
 + Level 5.2(4.2) Evocations


You had 2 spell levels left.
You knew the following spells:

 Your Spells              Type           Power        Failure   Level  Hunger
c - Confuse               Hex            ###.....     6%          3    None
g - Shroud of Golubria    Chrm/Tloc      ####......   1%          2    None
i - Infusion              Chrm           ####         1%          1    None
n - Animate Skeleton      Necr           N/A          2%          1    None
r - Regeneration          Chrm/Necr      ####......   3%          3    None
v - Borgnjor's Vile Clut  Necr/Erth      ###.......   52%         5    #####..
w - Spectral Weapon       Hex/Chrm       ####....     3%          3    None
y - Song of Slaying       Chrm           #####...     1%          2    None
A - Apportation           Tloc           ###...       2%          1    None


Dungeon Overview and Level Annotations

Branches:
Dungeon (10/15)            Temple (1/1) D:5             Orc (2/2) D:9
   Lair: D:8-11         Elf: Orc:2

Altars:
Ashenzari
Cheibriados
Dithmenos
Elyvilon
Fedhas
Kikubaaqudgha
Makhleb
Nemelex Xobeh
Okawaru
Ru
Uskayaw
Vehumet
Wu Jian
Yredelemnul
Zin

Annotations:
D:8 exclusion: oklob plant
D:10 Erica


Innate Abilities, Weirdness & Mutations

Your experience applies equally to all skills.
You have very sharp teeth.
Your uncanny sense of smell can sniff out nearby items.


Message History

Okay, then.
Things that are here:
a giant club; an ogre corpse; a warg corpse Unknown command.
You closely miss the orc sorcerer.
You bite the orc sorcerer, but do no damage.
Your spectral weapon hits the orc sorcerer!
The orc sorcerer hits you with a dagger.
Unknown command.
You hit the orc sorcerer.
The orc sorcerer is moderately wounded.
You hit the smoke demon.
Your spectral weapon closely misses the orc sorcerer.
Your spectral weapon hits the smoke demon but does no damage.
The orc sorcerer hits you with a dagger.
The smoke demon gestures at you. The sticky flame misses you.
Unknown command.
You closely miss the orc sorcerer.
The orc sorcerer is moderately wounded.
You hit the smoke demon.
Your spectral weapon misses the orc sorcerer.
Your spectral weapon hits the smoke demon.
The smoke demon gestures at you. The sticky flame hits you!
You are covered in liquid flames!
The orc sorcerer misses you.
Unknown command.
You hit the orc sorcerer.
You bite the orc sorcerer, but do no damage.
The orc sorcerer is heavily wounded.
You hit the smoke demon.
You are covered in liquid flames!
Your spectral weapon hits the orc sorcerer but does no damage.
Your spectral weapon hits the smoke demon.
The smoke demon misses you. The smoke demon hits you.
The smoke demon closely misses you.
The orc sorcerer hits you but does no damage.
Unknown command.
You hit the orc sorcerer.
The orc sorcerer is heavily wounded.
You hit the smoke demon.
You are covered in liquid flames!
* * * LOW HITPOINT WARNING * * *
Your spectral weapon barely misses the orc sorcerer.
Your spectral weapon hits the smoke demon.
The smoke demon gestures at you. Something smites you!
* * * LOW HITPOINT WARNING * * *
The orc sorcerer casts a spell at you. The bolt of negative energy hits you!
You feel drained.
* * * LOW HITPOINT WARNING * * *
Unknown command.
Okay, then.
Unknown command.
Blink to where?
Press: ? - help, Dir - move target cursor You are very lightly contaminated with residual magic.
As you read the scroll of blinking, it crumbles to dust.
You are covered in liquid flames!
* * * LOW HITPOINT WARNING * * *
Okay, then.
Okay, then.
Unknown command.
Casting: Infusion
Confirm with . or Enter, or press ? or * to list all spells.
Your skin crawls.
You are covered in liquid flames!
* * * LOW HITPOINT WARNING * * *
Unknown command.
Okay, then.
You are covered in liquid flames!
* * * LOW HITPOINT WARNING * * *
Your skin is crawling a little less now.
Unknown command.
Okay, then.
As you read the scroll of teleportation, it crumbles to dust.
You feel strangely unstable.
Your skin stops crawling.
Your surroundings seem slightly different.
Your spectral weapon fades away.
Unknown command.
Unknown command.
Okay, then.
Unknown command.
Evoke which item? (* to show all) (? for menu, Esc to quit)
You open the lid... ...and a juvenile oxshock beast leaps out!
The now-empty box falls apart.
The smoke demon disappears in a puff of smoke!
Unknown command.
Evoke which item? (* to show all) (? for menu, Esc to quit)
A fierce wind blows from the fan.
The orc sorcerer is blown away by the wind.
Casting: Regeneration
Confirm with . or Enter, or press ? or * to list all spells.
Your skin crawls.
The orc sorcerer points at you and mumbles some strange words.
The bolt of fire hits you!
You die...

∆ # ##. .. ##.### ....
#..#.## .. ## ....###
#.....# ..##.##
....#.####....#### .......
.......##.....†..# #......
##...@...##....### #......
#.......#####..[>#
#.....######.Ho...# ###..##
##......#.#.#..#...# #.....#
#.>...o§..o...###..###.....#
......##..3....#.........###
....# #....#.##........##
... ##...#####......## .
#.#.# #........###


You could see an orc sorcerer and a friendly juvenile oxshock beast.

Vanquished Creatures
  A two-headed ogre (D:10)
  Prince Ribbit (D:7)
  Grinder (D:3)
  A wyvern (D:10)
  5 yaks (D:9)
  2 wargs (Orc:1)
  4 orc warriors (D:9)
  A sky beast (D:10)
  An ice beast (D:7)
  A phantom (D:10)
  4 ogres
  A crocodile (D:10)
  2 centaurs
  3 bullfrogs
  2 scorpions (D:7)
  8 killer bees
  2 electric eels (D:9)
  A crimson imp (D:10)
  2 bullfrog zombies
  A quasit (D:9)
  2 hounds
  A jelly (D:7)
  A bullfrog skeleton (D:9)
  3 orc priests
  A centaur skeleton (D:7)
  6 orc wizards
  A gnoll shaman (D:10)
  3 iguanas
  3 worker ants
  A hound zombie (D:4)
  A hound skeleton (D:4)
  2 worker ant zombies
  A howler monkey zombie (D:5)
  6 gnolls
  3 adders
  A shadow imp (D:5)
  An ooze (D:2)
  4 leopard geckos
  19 orcs
  A ball python (D:3)
  5 giant cockroaches
  A hobgoblin (D:3)
  2 kobolds
  7 quokkas
  2 bats (D:3)
  4 frilled lizards
  A jackal zombie (D:5)
  5 rats
  A spectral weapon (D:10)
133 creatures vanquished.

Vanquished Creatures (others)
  A spectral weapon (Orc:1)
1 creature vanquished.

Grand Total: 134 creatures vanquished

Notes
Turn   | Place    | Note
-------+----------+-------------------------------------------
     0 | D:1      | tidbits the Gnoll Skald began the quest for the Orb.
     0 | D:1      | Reached XP level 1. HP: 20/20 MP: 6/6
    95 | D:1      | Reached XP level 2. HP: 24/26 MP: 4/7
   162 | D:3      | Learned a level 2 spell: Song of Slaying
   165 | D:3      | Learned a level 2 spell: Shroud of Golubria
   220 | D:3      | Noticed Grinder
   221 | D:3      | Paralysed by Grinder for 3 turns
   242 | D:3      | Killed Grinder
   242 | D:3      | Reached skill level 1 in Short Blades
   242 | D:3      | Reached skill level 1 in Long Blades
   242 | D:3      | Reached skill level 1 in Maces & Flails
   242 | D:3      | Reached skill level 1 in Polearms
   242 | D:3      | Reached skill level 1 in Staves
   242 | D:3      | Reached skill level 1 in Slings
   242 | D:3      | Reached skill level 1 in Bows
   242 | D:3      | Reached skill level 1 in Crossbows
   242 | D:3      | Reached skill level 1 in Throwing
   242 | D:3      | Reached skill level 3 in Armour
   242 | D:3      | Reached skill level 1 in Stealth
   242 | D:3      | Reached skill level 1 in Shields
   242 | D:3      | Reached skill level 1 in Unarmed Combat
   242 | D:3      | Reached skill level 5 in Spellcasting
   242 | D:3      | Reached skill level 1 in Conjurations
   242 | D:3      | Reached skill level 1 in Hexes
   242 | D:3      | Reached skill level 1 in Summonings
   242 | D:3      | Reached skill level 1 in Necromancy
   242 | D:3      | Reached skill level 1 in Translocations
   242 | D:3      | Reached skill level 1 in Transmutations
   242 | D:3      | Reached skill level 1 in Fire Magic
   242 | D:3      | Reached skill level 1 in Ice Magic
   242 | D:3      | Reached skill level 1 in Air Magic
   242 | D:3      | Reached skill level 1 in Earth Magic
   242 | D:3      | Reached skill level 1 in Poison Magic
   242 | D:3      | Reached skill level 1 in Invocations
   242 | D:3      | Reached skill level 1 in Evocations
   242 | D:3      | Reached XP level 3. HP: 7/32 MP: 0/9
   242 | D:3      | Reached XP level 4. HP: 8/38 MP: 0/11
   242 | D:3      | Reached XP level 5. HP: 9/43 MP: 0/12
   251 | D:3      | Learned a level 3 spell: Regeneration
   255 | D:3      | Learned a level 3 spell: Spectral Weapon
   375 | D:3      | Learned a level 1 spell: Animate Skeleton
   377 | D:3      | Learned a level 1 spell: Apportation
   389 | D:3      | Reached XP level 6. HP: 28/50 MP: 9/13
   441 | D:4      | Reached skill level 2 in Invocations
   497 | D:5      | Entered Level 5 of the Dungeon
   497 | D:5      | Found an iron altar of Okawaru.
   534 | D:7      | Noticed an orc warrior
   550 | D:6      | Reached skill level 5 in Fighting
   550 | D:6      | Reached skill level 2 in Short Blades
   550 | D:6      | Reached skill level 2 in Long Blades
   550 | D:6      | Reached skill level 5 in Axes
   550 | D:6      | Reached skill level 2 in Maces & Flails
   550 | D:6      | Reached skill level 2 in Polearms
   550 | D:6      | Reached skill level 2 in Staves
   550 | D:6      | Reached skill level 2 in Slings
   550 | D:6      | Reached skill level 2 in Bows
   550 | D:6      | Reached skill level 2 in Crossbows
   550 | D:6      | Reached skill level 2 in Throwing
   550 | D:6      | Reached skill level 5 in Dodging
   550 | D:6      | Reached skill level 2 in Stealth
   550 | D:6      | Reached skill level 2 in Shields
   550 | D:6      | Reached skill level 2 in Unarmed Combat
   550 | D:6      | Reached skill level 2 in Evocations
   574 | D:6      | Reached XP level 7. HP: 18/56 MP: 13/15
   761 | D:4      | Reached skill level 2 in Conjurations
   761 | D:4      | Reached skill level 2 in Hexes
   761 | D:4      | Reached skill level 2 in Summonings
   761 | D:4      | Reached skill level 2 in Necromancy
   761 | D:4      | Reached skill level 2 in Translocations
   761 | D:4      | Reached skill level 2 in Transmutations
   761 | D:4      | Reached skill level 2 in Fire Magic
   761 | D:4      | Reached skill level 2 in Ice Magic
   761 | D:4      | Reached skill level 2 in Air Magic
   761 | D:4      | Reached skill level 2 in Earth Magic
   761 | D:4      | Reached skill level 2 in Poison Magic
   815 | D:4      | Found a basalt altar of Yredelemnul.
   816 | D:4      | Found a shattered altar of Ashenzari.
   852 | D:4      | Found a blossoming altar of Fedhas.
   853 | D:4      | Found a sparkling altar of Nemelex Xobeh.
   863 | D:4      | Learned a level 3 spell: Confuse
   927 | D:4      | Reached skill level 3 in Invocations
   980 | D:5      | Found a staircase to the Ecumenical Temple.
   995 | Temple   | Entered the Ecumenical Temple
  1039 | Temple   | Became a worshipper of Cheibriados the Contemplative
  1191 | D:7      | Noticed Prince Ribbit
  1212 | D:7      | Reached XP level 8. HP: 52/63 MP: 6/16
  1221 | D:7      | Reached skill level 6 in Charms
  1223 | D:7      | Reached skill level 4 in Armour
  1226 | D:7      | Reached skill level 3 in Short Blades
  1226 | D:7      | Reached skill level 3 in Long Blades
  1226 | D:7      | Reached skill level 3 in Maces & Flails
  1226 | D:7      | Reached skill level 3 in Polearms
  1226 | D:7      | Reached skill level 3 in Staves
  1226 | D:7      | Reached skill level 3 in Slings
  1226 | D:7      | Reached skill level 3 in Bows
  1226 | D:7      | Reached skill level 3 in Crossbows
  1226 | D:7      | Reached skill level 3 in Throwing
  1226 | D:7      | Reached skill level 3 in Stealth
  1226 | D:7      | Reached skill level 3 in Shields
  1226 | D:7      | Reached skill level 3 in Unarmed Combat
  1226 | D:7      | Reached skill level 3 in Evocations
  1246 | D:7      | Reached skill level 6 in Spellcasting
  1357 | D:7      | Killed Prince Ribbit
  1405 | D:7      | Reached skill level 4 in Invocations
  1416 | D:7      | Reached skill level 3 in Conjurations
  1416 | D:7      | Reached skill level 3 in Hexes
  1416 | D:7      | Reached skill level 3 in Summonings
  1416 | D:7      | Reached skill level 3 in Necromancy
  1416 | D:7      | Reached skill level 3 in Translocations
  1416 | D:7      | Reached skill level 3 in Transmutations
  1416 | D:7      | Reached skill level 3 in Fire Magic
  1416 | D:7      | Reached skill level 3 in Ice Magic
  1416 | D:7      | Reached skill level 3 in Air Magic
  1416 | D:7      | Reached skill level 3 in Earth Magic
  1416 | D:7      | Reached skill level 3 in Poison Magic
  1422 | D:7      | Reached * piety under Cheibriados
  1457 | D:8      | Found a blossoming altar of Fedhas.
  1460 | D:8      | Noticed an oklob plant
  1460 | D:8      | Noticed an oklob plant
  1498 | D:8      | You fall through a shaft for 2 floors!
  1498 | D:10     | Entered Level 10 of the Dungeon
  1498 | D:10     | Noticed a wyvern
  1505 | D:10     | Reached skill level 6 in Fighting
  1505 | D:10     | Reached skill level 6 in Axes
  1505 | D:10     | Reached skill level 6 in Dodging
  1505 | D:10     | Reached XP level 9. HP: 60/69 MP: 11/18
  1578 | D:10     | Reached skill level 4 in Short Blades
  1578 | D:10     | Reached skill level 4 in Long Blades
  1578 | D:10     | Reached skill level 4 in Maces & Flails
  1578 | D:10     | Reached skill level 4 in Polearms
  1578 | D:10     | Reached skill level 4 in Staves
  1578 | D:10     | Reached skill level 4 in Slings
  1578 | D:10     | Reached skill level 4 in Bows
  1578 | D:10     | Reached skill level 4 in Crossbows
  1578 | D:10     | Reached skill level 4 in Throwing
  1578 | D:10     | Reached skill level 4 in Stealth
  1578 | D:10     | Reached skill level 4 in Shields
  1578 | D:10     | Reached skill level 4 in Unarmed Combat
  1578 | D:10     | Reached skill level 4 in Evocations
  1637 | D:10     | Noticed Erica
  1682 | D:10     | Noticed a two-headed ogre
  1725 | D:10     | Killed a two-headed ogre
  1725 | D:10     | Reached skill level 5 in Armour
  1766 | D:10     | Reached skill level 5 in Invocations
  1776 | D:10     | Learned a level 5 spell: Borgnjor's Vile Clutch
  1824 | D:9      | Reached skill level 7 in Spellcasting
  1824 | D:9      | Reached XP level 10. HP: 16/77 MP: 15/20
  1826 | D:9      | Reached ** piety under Cheibriados
  1826 | D:9      | Reached skill level 4 in Conjurations
  1826 | D:9      | Reached skill level 4 in Hexes
  1826 | D:9      | Reached skill level 4 in Summonings
  1826 | D:9      | Reached skill level 4 in Necromancy
  1826 | D:9      | Reached skill level 4 in Translocations
  1826 | D:9      | Reached skill level 4 in Transmutations
  1826 | D:9      | Reached skill level 4 in Fire Magic
  1826 | D:9      | Reached skill level 4 in Ice Magic
  1826 | D:9      | Reached skill level 4 in Air Magic
  1826 | D:9      | Reached skill level 4 in Earth Magic
  1826 | D:9      | Reached skill level 4 in Poison Magic
  2095 | D:9      | Reached skill level 5 in Short Blades
  2095 | D:9      | Reached skill level 5 in Long Blades
  2095 | D:9      | Reached skill level 5 in Maces & Flails
  2095 | D:9      | Reached skill level 5 in Polearms
  2095 | D:9      | Reached skill level 5 in Staves
  2095 | D:9      | Reached skill level 5 in Slings
  2095 | D:9      | Reached skill level 5 in Bows
  2095 | D:9      | Reached skill level 5 in Crossbows
  2095 | D:9      | Reached skill level 5 in Throwing
  2095 | D:9      | Reached skill level 5 in Stealth
  2095 | D:9      | Reached skill level 5 in Shields
  2095 | D:9      | Reached skill level 5 in Unarmed Combat
  2095 | D:9      | Reached skill level 5 in Evocations
  2156 | D:9      | Reached skill level 7 in Charms
  2198 | D:9      | Reached skill level 7 in Fighting
  2198 | D:9      | Reached skill level 7 in Axes
  2198 | D:9      | Reached skill level 7 in Dodging
  2228 | D:9      | Found a staircase to the Orcish Mines.
  2238 | Orc:1    | Entered Level 1 of the Orcish Mines
  2273 | Orc:2    | Entered Level 2 of the Orcish Mines
  2316 | Orc:1    | Noticed an orc sorcerer
  2328 | Orc:1    | Reached *** piety under Cheibriados
  2342 | Orc:1    | Noticed a smoke demon
  2349 | Orc:1    | HP: 4/79 [burnt (5)]
  2357 | Orc:1    | Killed from afar by an orc sorcerer

Skill      XL: |  1  2  3  4  5  6  7  8  9 10 |
---------------+-------------------------------+-----
Short Blades   | 1 2 3 4 5 |  5.2
Long Blades    | 1 2 3 4 5 |  5.2
Maces & Flails | 1 2 3 4 5 |  5.2
Polearms       | 1 2 3 4 5 |  5.2
Staves         | 1 2 3 4 5 |  5.2
Slings         | 1 2 3 4 5 |  5.2
Bows           | 1 2 3 4 5 |  5.2
Crossbows      | 1 2 3 4 5 |  5.2
Throwing       | 1 2 3 4 5 |  5.2
Armour         | 3 4 5 |  5.9
Stealth        | 1 2 3 4 5 |  5.2
Shields        | 1 2 3 4 5 |  5.2
Unarmed Combat | 1 2 3 4 5 |  5.2
Spellcasting   | 5 6 7 |  7.3
Conjurations   | 1 2 3 4 |  4.3
Hexes          | 1 2 3 4 |  4.3
Summonings     | 1 2 3 4 |  4.3
Necromancy     | 1 2 3 4 |  4.3
Translocations | 1 2 3 4 |  4.3
Transmutations | 1 2 3 4 |  4.3
Fire Magic     | 1 2 3 4 |  4.3
Ice Magic      | 1 2 3 4 |  4.3
Air Magic      | 1 2 3 4 |  4.3
Earth Magic    | 1 2 3 4 |  4.3
Poison Magic   | 1 2 3 4 |  4.3
Invocations    | 1 2 3 4 5 |  5.8
Evocations     | 1 2 3 4 5 |  5.2
Fighting       | 5 6 7 |  7.1
Axes           | 5 6 7 |  7.1
Dodging        | 5 6 7 |  7.1
Charms         | 6 7 |  7.1

Action                   |  1- 3 |  4- 6 |  7- 9 | 10-12 || total
-------------------------+-------+-------+-------+-------++-------
Melee: Hand axe          |    28 |    47 |    93 |    85 ||   253
       Bite              |     3 |     4 |    31 |    19 ||    57
       Flail             |       |       |    77 |       ||    77
       Dagger            |       |       |    55 |       ||    55
       Punch             |       |       |     2 |     5 ||     7
 Cast: Infusion          |     6 |     3 |     6 |     2 ||    17
       Spectral Weapon   |       |     5 |    27 |    12 ||    44
       Regeneration      |       |       |    15 |    10 ||    25
       Confuse           |       |       |    12 |       ||    12
       Shroud of Golubri |       |       |     4 |       ||     4
       Song of Slaying   |       |       |     2 |       ||     2
       Borgnjor's Vile C |       |       |     1 |     1 ||     2
       Apportation       |       |       |       |     9 ||     9
Evoke: Wand              |       |       |       |    25 ||    25
       Fan of gales      |       |       |       |     1 ||     1
       Box of beasts     |       |       |       |     1 ||     1
  Use: Scroll            |     1 |     2 |    11 |     4 ||    18
       Potion            |     2 |     1 |     1 |     1 ||     5
 Stab: Distracted        |       |       |     3 |     2 ||     5
       Sleeping          |       |       |     2 |     1 ||     3
       Confused          |       |       |     2 |       ||     2
       Paralysed         |       |       |       |    37 ||    37
  Eat: Ration            |     1 |     1 |     1 |     2 ||     5
Armor: Leather armour    |     6 |     8 |    79 |    32 ||   125
Dodge: Dodged            |    17 |    43 |   172 |    86 ||   318

Table legend:
 A = Turns spent in this place as a percentage of turns spent in the entire game.
 B = Non-inter-level travel turns spent in this place as a percentage of non-inter-level travel turns spent in the entire game.
 C = Inter-level travel turns spent in this place as a percentage of turns spent in this place.
 D = Turns resting spent in this place as a percentage of non-inter-level travel turns spent in this place.
 E = Turns spent auto-exploring this place as a percentage of non-inter-level travel turns spent in this place.
 F = Non-inter-level travel turns spent in this place divided by the number of levels of this place that you've seen.
                   A       B       C       D       E      F
               +-------+-------+-------+-------+-------+----------------------
         Total | 100.0 | 100.0 |   0.8 |   0.0 |   0.0 | 179.8
       Dungeon |  92.7 |  92.9 |   0.5 |   0.0 |   0.0 | 217.2
        Temple |   2.3 |   2.0 |  14.8 |   0.0 |   0.0 |  46.0
  Orcish Mines |   5.0 |   5.1 |   0.0 |   0.0 |   0.0 |  59.5
               +-------+-------+-------+-------+-------+----------------------

Table legend:
 A = Kills in this place as a percentage of kills in entire the game.
 B = Kills by you in this place as a percentage of kills by you in the entire game.
 C = Kills by friends in this place as a percentage of kills by friends in the entire game.
 D = Other kills in this place as a percentage of other kills in the entire game.
 E = Experience gained in this place as a percentage of experience gained in the entire game.
 F = Experience gained in this place divided by the number of levels of this place that you have seen.
                   A       B       C       D       E      F
               +-------+-------+-------+-------+-------+----------------------
         Total | 100.0 | 100.0 |   N/A |   N/A | 100.0 | 547.0
       Dungeon |  96.2 |  96.2 |   N/A |   N/A |  91.4 | 649.9
  Orcish Mines |   3.8 |   3.8 |   N/A |   N/A |   8.6 | 306.0
               +-------+-------+-------+-------+-------+----------------------

Vault maps used:
D:1:      lightli_arrival_maybe_door_vault
D:2:      nrook_uturn, nicolae_ru_the_path_less_chosen
D:3:      minmay_crystal_water, hex_large, kennysheep_generic_room_12,
          uniq_grinder, uniq_crazy_yiuf_cottage
D:4:      gammafunk_temple_overflow_pools,
          chequers_temple_overflow_statue_of_worship, first_ration
D:5:      okawaru_trees_1, minmay_temple_entry_junction, serial_glass,
          glass_columns_b, glass_columns_a, uniq_sigmund
D:7:      kennysheep_mini_moat, serial_shops, nicolae_shop_behind_doors,
          grunt_livestock, uniq_prince_ribbit1
D:8:      hangedman_tree_tricks, uniq_grum
D:9:      erik_orc_2
D:10:     uniq_psyche, uniq_erica
Temple:   eino_temple_scatter_basement
Orc:2:    grunt_orc_gardens, grunt_orc_garden, grunt_orc_garden,
          grunt_orc_garden, grunt_orc_garden
